 Dungeon Sprint DCSS version 0.21-a0-344-g2144152 (webtiles) character file.

262215 Kidiri the Conqueror (level 17, -1/285 (286) HPs)
             Began as a Pale Draconian Berserker on Oct 3, 2017.
             Was the Champion of Trog.
             Engulfed by Gloorx Vloq's foul pestilence (5 damage)
             ... in the Dungeon (Sprint III: "The Ten Rune Challenge") on Oct 4, 2017.
             The game lasted 01:25:57 (18809 turns).

Kidiri the Conqueror (Pale Draconian Berserker)    Turns: 18809, Time: 01:25:58

HP:   -1/285 (286)  AC: 15    Str: 43      XL:     17   Next: 53%
MP:   48/48         EV: 35    Int:  6      God:    Trog [******]
Gold: 5236          SH:  0    Dex: 21 (22) Spells: 16/16 levels left

rFire    + + +     SeeInvis +   q - +10 battleaxe of War {chop, *Corrode rF+++ Str+9}
rCold    + . .     Gourm    .   (shield currently unavailable)
rNeg     . . .     Faith    .   (armour unavailable)
rPois    +         Spirit   .   w - +2 hat {SInv}
rElec    .         Reflect  .   T - scarf {repulsion}
rCorr    .         Harm     .   u - +2 pair of gloves
MR       +....     NoTele   +   D - +0 pair of boots of Hemunuk {MP+9} (curse)
Stlth    ..........             Q - amulet of regeneration
HPRegen  0.97/turn              S - ring "Jiyfel" {Str+3 Dex+9}
MPRegen  0.31/turn              X - ring of Doors {rPois rC+ MP+9 AC+4 Int-2}

@: berserking, corroded, very slightly contaminated, slowed, repel missiles
A: breathe steam, unfitting armour, fangs 1, horns 1, stinger 1, agile 1, blink,
cold-blooded, AC +9
}: 5/10 runes: decaying, serpentine, silver, golden, iron
a: Breathe Steam, Blink, Berserk, Trog's Hand, Brothers in Arms, Burn
Spellbooks, Renounce Religion


You were in the Dungeon.
You worshipped Trog.
Trog was exalted by your worship.
You were hungry.

You visited 1 branch You collected 8586 gold pieces.
You spent 3350 gold pieces at shops.

Inventory:

Hand Weapons
 q - the +10 battleaxe of War (weapon) {chop, *Corrode rF+++ Str+9}
   (Trog gifted it to you in the Dungeon)

   It inflicts extra damage upon your enemies.
   It affects your strength (+9).
   It renders you almost immune to fire.
   It may corrode you when you take damage.
 U - a +4 executioner's axe of venom
Missiles
 k - 8 throwing nets
 l - 13 javelins of returning
 r - 8 exploding tomahawks
 v - 12 silver javelins
 x - 4 steel javelins
 J - 5 javelins
 K - 18 silver tomahawks
 L - 17 javelins of penetration (quivered)
 N - 12 tomahawks of dispersal
 R - 15 poisoned javelins
Armour
 i - the +2 cloak of Hiekkiroedd {*Corrode rPois rC+ Str+4}
   (You acquired it in the Dungeon)

   It affects your strength (+4).
   It protects you from cold.
   It protects you from poison.
   It may corrode you when you take damage.
 t - a +2 cloak of invisibility
 u - a +2 pair of gloves (worn)
 w - a +2 hat of see invisible (worn)
 D - the cursed +0 pair of boots of Hemunuk (worn) {MP+9}
   (You found it in the Dungeon)

   It affects your magic capacity (+9).
   It has a curse placed upon it.
 T - a scarf of repulsion (worn)
Jewellery
 Q - an amulet of regeneration (around neck)
 S - the ring "Jiyfel" (left hand) {Str+3 Dex+9}
   (You found it in the Dungeon)

   [ring of strength]

   It affects your strength (+3).
   It affects your dexterity (+9).
 V - an uncursed ring of flight
 X - the ring of Doors (right hand) {rPois rC+ MP+9 AC+4 Int-2}
   (You took it off a vault guard in the Dungeon)

   [ring of protection]

   It affects your AC (+4).
   It affects your intelligence (-2).
   It protects you from cold.
   It protects you from poison.
   It affects your magic capacity (+9).
Wands
 n - a wand of iceblast (2/15)
 M - a wand of confusion (23/48)
 O - a wand of confusion (38/48)
 P - a wand of enslavement (10/24)
 W - a wand of polymorph (2/24)
Scrolls
 a - 2 scrolls of fear
 j - 2 scrolls of immolation
 B - 2 scrolls of torment
 I - 3 scrolls of silence
Potions
 c - 17 potions of curing
 d - 4 potions of heal wounds
 e - 7 potions of haste
 f - 2 potions of magic
 g - 2 potions of berserk rage
 o - 5 potions of flight
 p - 6 potions of might
 z - a potion of cancellation
 A - a potion of invisibility
 C - a potion of lignification
 E - 3 potions of agility
 F - a potion of ambrosia
Miscellaneous
 H - the horn of Geryon
Comestibles
 b - a bread ration
 m - a meat ration
 s - 6 royal jellies


   Skills:
 O Level 27 Fighting
 O Level 27 Axes
 + Level 20.4 Throwing
 * Level 25.9 Dodging
 + Level 19.3 Evocations


You had 16 spell levels left.
You didn't know any spells.

Dungeon Overview and Level Annotations

Branches:
Dungeon (1/1)

Altars:
Cheibriados
Dithmenos
Elyvilon
Fedhas
Gozag
Hepliaklqana
Kikubaaqudgha
Makhleb
Nemelex Xobeh
Okawaru
Qazlal
Ru
Sif Muna
Trog
Uskayaw
Vehumet
Wu Jian
Xom
Yredelemnul
Zin
The Shining One
Beogh
Jiyva
Lugonu

Shops:
D (!:?:(![[!![!}?[*(*:%%=*

Annotations:
D exclusions: 9 doors and 1 more exclusion, Gloorx Vloq


Innate Abilities, Weirdness & Mutations

You can breathe blasts of scalding, opaque steam.
Your pale cyan-grey scales are hard. (AC +9)
You cannot fit into any form of body armour.
You are cold-blooded and may be slowed by cold attacks.
You have very sharp teeth.
You have a pair of small horns on your head.
Your tail ends in a poisonous barb.
You are agile. (Dex +2)
You can translocate small distances at will.


Message History

The Executioner barely misses you. The Executioner closely misses you.
The Executioner completely misses you. Gloorx Vloq gestures at you.
The foul vapour misses you. The Executioner closely misses you.
The Executioner completely misses you. x2
Unknown command.
You slash Gloorx Vloq! You headbutt Gloorx Vloq!
Gloorx Vloq is lightly wounded.
You slash the Executioner!
You are engulfed in dark miasma.
You feel your flesh rotting away!
You feel yourself slow down.
* * * LOW HITPOINT WARNING * * *
The Executioner hits you but does no damage. x2
The Executioner barely misses you. Gloorx Vloq completely misses you.
The Executioner closely misses you.
The Executioner completely misses you. x2
You open Gloorx Vloq like a pillowcase!!!
You headbutt Gloorx Vloq!
Gloorx Vloq is moderately wounded.
You miss the Executioner.
You are engulfed in dark miasma.
You die...

,,,,,,,,**,≈,,,,≈,#..[###...##.#≈
,,,,******≈,,,,,,≈#...##.....##+#
,,,,≈≈≈≈**,,,,,,,,#+###.......###
≈≈≈≈≈≈≈,**,,,,,,,,+...+.......+..
≈≈≈≈≈≈≈,**,,,,,,,,#+###.......###
≈≈≈≈≈,,,**≈,,,,,,≈#≈≈≈##.....##..
,≈≈,,,,,**,≈,,,,≈,#+#+###...###.#
,,,,,,,,*####++####.#.# ##'####.#
,,,,,,,8*#..+§§§@&#+#####.≈≈≈+#.#
#+###############1#)(+∩∩#.≈≈.#..#
...)..)..#...# ##M####∩∩#.≈≈.####
.........#..)###.§§###..#..≈.#).+
..(....)('.)M'&§.....'..'..≈≈+..#
....5....#(..###..)###..#≈≈≈.#..#
...§.....#...# ##.##∩#..#....#..#
##M###########**#.#..#..####+####
§C§§*§,,**,,,,,,#+#+##..#.#.#.#.#


You could see Gloorx Vloq, an Executioner and a guardian mummy.

Vanquished Creatures
  Dispater (D)
  Mara (D)
  A greater mummy (D)
  Boris (D)
  Frederick (D)
  Geryon (D)
  A golden dragon (D)
  3 bone dragons (D)
  Nikola (D)
  An iron giant (D)
  Rupert (D)
  3 Hell Sentinels (D)
  A lich (D)
  A deep elf blademaster (D)
  2 titans (D)
  Dowan (D)
  Gastronok (D)
  An ancient champion (D)
  2 shadow dragons (D)
  2 sphinxes (D)
  Chuck (D)
  A storm dragon (D)
  Roxanne (D)
  An iron dragon (D)
  4 war gargoyles (D)
  A stone giant (D)
  6 vampire knights (D)
  2 deep elf demonologists (D)
  2 dire elephants (D)
  Azrael (D)
  2 deep elf annihilators (D)
  A deep elf death mage (D)
  4 mummy priests (D)
  A fire dragon (D)
  2 yaktaur captains (D)
  An ogre mage (D)
  A deep elf high priest (D)
  A naga warrior (D)
  2 hell beasts (D)
  13 vault guards (D)
  3 hydras (D)
  3 anacondas (D)
  2 iron elementals (D)
  2 centaur warriors (D)
  A death yak (shapeshifter) (D)
  A two-headed ogre (shapeshifter) (D)
  A dancing weapon (D)
  4 death yaks (D)
  A titan zombie (D)
  3 orc high priests (D)
  2 soul eaters (D)
  An iron golem (D)
  A small abomination (D)
  Urug (D)
  2 sun demons (D)
  4 skeletal warriors (D)
  A shadow wraith (D)
  A deep elf knight (D)
  An unseen horror (D)
  3 death drakes (D)
  A death drake (shapeshifter) (D)
  2 golden dragon zombies (D)
  A spriggan druid (D)
  An obsidian statue (D)
  A lindwurm (D)
  5 deep elf magi (D)
  A spectral hydra (D)
  2 oklob plants (D)
  An orange crystal statue (D)
  4 ugly things (D)
  2 crystal guardians (D)
  A cyclops (shapeshifter) (D)
  A stone giant skeleton (D)
  A guardian serpent (D)
  An elephant (shapeshifter) (D)
  6 black mambas (D)
  2 elephants (D)
  3 rust devils (D)
  A molten gargoyle (D)
  2 statues (D)
  Duvessa (D)
  2 spiny frogs (D)
  A rime drake (D)
  A komodo dragon (D)
  11 yaktaurs (D)
  An anaconda simulacrum (D)
  2 ice devils (D)
  12 guardian mummies (D)
  2 tyrant leeches (D)
  3 spriggan defenders (D)
  A queen bee (D)
  3 hornets (D)
  A merfolk (shapeshifter) (D)
  4 slime creatures (D)
  8 blink frogs (D)
  A snapping turtle (shapeshifter) (D)
  3 redbacks (D)
  A tarantella (shapeshifter) (D)
  2 spriggans (D)
  A shadow (D)
  3 wandering mushrooms (D)
  2 iron troll simulacra (D)
  A spatial vortex (D)
  2 nagas (D)
  A hydra simulacrum (D)
  2 water moccasins (D)
  A swamp drake (D)
  A fire dragon simulacrum (D)
  A black mamba simulacrum (D)
  2 centaurs (D)
  A necrophage (D)
  4 swamp dragon skeletons (D)
  A water elemental (D)
  32 killer bees (D)
  4 electric eels (D)
  A jelly (D)
  5 orc priests (D)
  An orc wizard (D)
  Jessica (D)
  A wizard (D)
  3 necromancers (D)
  A polar bear simulacrum (D)
  A wolf simulacrum (D)
  3 humans (D)
  A kobold demonologist (D)
  A wolf (D)
  2 adders (D)
  An adder zombie (D)
  An adder simulacrum (D)
  12 orcs (D)
  A frilled lizard (D)
  A giant cockroach zombie (D)
  A quokka zombie (D)
  3 rats (D)
  5 ballistomycetes (D)
  A ballistomycete spore (D)
  6 bushes (D)
  8 butterflies (D)
  A crawling corpse (D)
  19 plants (D)
352 creatures vanquished.

Vanquished Creatures (collateral kills)
  A greater mummy (D)
  A golden dragon (D)
  2 quicksilver dragons (D)
  A titan (D)
  A nagaraja (D)
  A fire giant (D)
  A stone giant (D)
  Snorg (D)
  2 mummy priests (D)
  3 vault guards (D)
  A centaur warrior (D)
  2 anacondas (D)
  3 dancing weapons (D)
  A skeletal warrior (D)
  2 crystal guardians (D)
  A black mamba (D)
  2 statues (D)
  A yaktaur (D)
  6 guardian mummies (D)
  A spriggan defender (D)
  An earth elemental (D)
  A quasit (D)
  A plant (D)
37 creatures vanquished.

Vanquished Creatures (others)
  2 draconian scorchers (D)
  Nessos (D)
  3 mummy priests (D)
  6 hellions (D)
  3 yaktaurs (D)
  3 guardian mummies (D)
  5 ball lightnings (D)
  2 ballistomycete spores (D)
  2 bushes (D)
  11 plants (D)
38 creatures vanquished.

Grand Total: 427 creatures vanquished

Notes
Turn   | Place    | Note
-------+----------+-------------------------------------------
     0 | D        | Kidiri the Draconian Berserker began the quest for the Orb.
     0 | D        | Reached XP level 1. HP: 19/19 MP: 1/1
    28 | D        | Noticed Jessica
    33 | D        | Killed Jessica
    33 | D        | Reached ** piety under Trog
    33 | D        | Reached skill level 1 in Throwing
    33 | D        | Reached XP level 2. HP: 28/28 MP: 2/2
    58 | D        | Reached skill level 5 in Fighting
    58 | D        | Reached XP level 3. HP: 23/36 MP: 3/3
    70 | D        | Reached *** piety under Trog
    70 | D        | Reached skill level 5 in Axes
   101 | D        | Gained mutation: You are somewhat resistant to further mutation. [potion of mutation]
   101 | D        | Gained mutation: Your tail ends in a poisonous barb. [potion of mutation]
   101 | D        | Killed a hellion
   102 | D        | Lost mutation: You are somewhat resistant to further mutation. [potion of mutation]
   102 | D        | Lost mutation: Your tail ends in a poisonous barb. [potion of mutation]
   102 | D        | Gained mutation: You have a pair of small horns on your head. [potion of mutation]
   102 | D        | Gained mutation: Your flesh is heat resistant. (rF+) [potion of mutation]
   103 | D        | Lost mutation: You have a pair of small horns on your head. [potion of mutation]
   103 | D        | Lost mutation: Your flesh is heat resistant. (rF+) [potion of mutation]
   103 | D        | Gained mutation: You are agile. (Dex +2) [potion of mutation]
   103 | D        | Gained mutation: You are resistant to electric shocks. (rElec) [potion of mutation]
   104 | D        | Lost mutation: You are agile. (Dex +2) [potion of mutation]
   104 | D        | Lost mutation: You are resistant to electric shocks. (rElec) [potion of mutation]
   104 | D        | Gained mutation: You are agile. (Dex +2) [potion of mutation]
   104 | D        | Gained mutation: You have a pair of small horns on your head. [potion of mutation]
   127 | D        | Killed a hellion
   156 | D        | Killed a hellion
   158 | D        | Killed a hellion
   167 | D        | Killed a yaktaur
   176 | D        | Killed a white draconian scorcher
   177 | D        | Killed a white draconian scorcher
   248 | D        | Killed a hellion
   296 | D        | Killed a yaktaur
   324 | D        | Noticed a water elemental
   329 | D        | Killed a water elemental
   329 | D        | Reached skill level 5 in Dodging
   329 | D        | Reached XP level 4. HP: 23/45 MP: 4/4
   329 | D        | Killed a hellion
   508 | D        | Found a radiant altar of Vehumet.
   509 | D        | Found a deep blue altar of Sif Muna.
   509 | D        | Found an ancient bone altar of Kikubaaqudgha.
   509 | D        | Noticed a wizard
   510 | D        | Reached **** piety under Trog
   510 | D        | Killed a wizard
   510 | D        | Reached XP level 5. HP: 51/51 MP: 5/5
   555 | D        | Found a glowing silver altar of Zin.
   556 | D        | Found a glowing golden altar of the Shining One.
   556 | D        | Found a white marble altar of Elyvilon.
   556 | D        | Noticed a deep elf mage
   565 | D        | Killed a deep elf mage
   565 | D        | Received a gift from Trog
   565 | D        | Reached skill level 5 in Throwing
   565 | D        | Reached XP level 6. HP: 66/66 MP: 6/6
   565 | D        | Your scales start taking on a pale cyan-grey colour.
   565 | D        | Reached XP level 7. HP: 71/71 MP: 7/7
   576 | D        | Upgraded the game from 0.21-a0-338-g36cf2fc to 0.21-a0-344-g2144152
   601 | D        | Found an ornate altar of the Wu Jian Council.
   601 | D        | Found a roughly hewn altar of Beogh.
   601 | D        | Found an iron altar of Okawaru.
   601 | D        | Found a bloodstained altar of Trog.
   601 | D        | Found a hide-covered altar of Uskayaw.
   601 | D        | Noticed a human
   601 | D        | Noticed a human
   607 | D        | Killed a human
   607 | D        | Reached ***** piety under Trog
   607 | D        | Reached skill level 10 in Fighting
   610 | D        | Killed a human
   610 | D        | Received a gift from Trog
   664 | D        | Found a basalt altar of Yredelemnul.
   664 | D        | Found a shadowy altar of Dithmenos.
   664 | D        | Found a sacrificial altar of Ru.
   701 | D        | Noticed a shadow
   706 | D        | Killed a shadow
   706 | D        | Reached skill level 10 in Axes
   706 | D        | Reached XP level 8. HP: 77/81 MP: 8/8
   721 | D        | Found a blossoming altar of Fedhas.
   721 | D        | Found a stormy altar of Qazlal.
   721 | D        | Found a snail-covered altar of Cheibriados.
   721 | D        | Found a burning altar of Makhleb.
   721 | D        | Found a shimmering altar of Xom.
   722 | D        | Found a hazy altar of Hepliaklqana.
   722 | D        | Found an opulent altar of Gozag.
   722 | D        | Found a sparkling altar of Nemelex Xobeh.
   722 | D        | Found a corrupted altar of Lugonu.
   722 | D        | Found a viscous altar of Jiyva.
   752 | D        | Noticed Snorg
   755 | D        | Killed Snorg
   755 | D        | Reached skill level 10 in Dodging
   771 | D        | Killed a yaktaur
   794 | D        | Noticed a centaur warrior
   801 | D        | Killed a centaur warrior
   801 | D        | Reached XP level 9. HP: 92/92 MP: 9/9
   956 | D        | Killed an unseen horror
  1112 | D        | Noticed a queen bee
  1113 | D        | Received a gift from Trog
  1129 | D        | Received a gift from Trog
  1146 | D        | Reached XP level 10. HP: 90/102 MP: 3/10
  1152 | D        | Reached ****** piety under Trog
  1153 | D        | Received a gift from Trog
  1170 | D        | Received a gift from Trog
  1191 | D        | Got a warped battleaxe {god gift}
  1271 | D        | Identified the +3 battleaxe of the Hidden Realms {elec, rF+} (Trog gifted it to you in the Dungeon)
  1498 | D        | Received a gift from Trog
  1500 | D        | Received a gift from Trog
  1581 | D        | Noticed a spiny frog
  1581 | D        | Noticed a spiny frog
  1584 | D        | Killed a spiny frog
  1586 | D        | Killed a spiny frog
  1878 | D        | Noticed a lindwurm
  1881 | D        | Killed a lindwurm
  1881 | D        | Reached skill level 15 in Fighting
  1940 | D        | Received a gift from Trog
  1942 | D        | Noticed Urug
  1961 | D        | Killed Urug
  1961 | D        | Reached XP level 11. HP: 56/113 MP: 11/11
  2292 | D        | Received a gift from Trog
  2390 | D        | Received a gift from Trog
  2395 | D        | Got a shimmering war axe {god gift}
  2411 | D        | Identified the +2 war axe "Wuhisare" {flame, +Rage rPois rN+ Int-4} (Trog gifted it to you in the Dungeon)
  2443 | D        | Noticed Rupert
  2452 | D        | Killed Rupert
  2452 | D        | Reached skill level 15 in Axes
  2452 | D        | Reached skill level 10 in Throwing
  2547 | D        | Noticed a death yak
  2548 | D        | Noticed a death yak
  2549 | D        | Noticed a death yak
  2553 | D        | Killed a death yak
  2557 | D        | Noticed a death yak
  2563 | D        | Killed a death yak
  2569 | D        | Killed a death yak
  2952 | D        | Killed a death yak
  2952 | D        | Received a gift from Trog
  2977 | D        | Noticed an azure jelly
  2977 | D        | Noticed an azure jelly
  3286 | D        | Received a gift from Trog
  3287 | D        | Reached skill level 15 in Dodging
  3287 | D        | Reached XP level 12. HP: 125/125 MP: 12/12
  3357 | D        | Noticed an anaconda
  3357 | D        | Noticed an anaconda
  3357 | D        | Noticed an anaconda
  3364 | D        | Killed an anaconda
  3365 | D        | Killed an anaconda
  3369 | D        | Received a gift from Trog
  3370 | D        | Killed an anaconda
  3603 | D        | Noticed an anaconda
  3603 | D        | Noticed an anaconda
  3610 | D        | Killed an anaconda
  3610 | D        | Killed an anaconda
  3750 | D        | Noticed a naga warrior
  3750 | D        | Noticed a nagaraja
  3759 | D        | Killed a nagaraja
  3759 | D        | Received a gift from Trog
  3760 | D        | Found Tuahamue's Antique Weapon Boutique.
  3760 | D        | Found Puqez's Distillery.
  3765 | D        | Killed a naga warrior
  3783 | D        | Found Nufug's Book Shop.
  3878 | D        | Gained mutation: You have very sharp teeth. [mutagenic meat]
  3879 | D        | Gained mutation: You can translocate small distances at will. [mutagenic meat]
  3882 | D        | Gained mutation: Your tail ends in a poisonous barb. [mutagenic meat]
  3887 | D        | Got a serpentine rune of Zot
  4016 | D        | Noticed an azure jelly
  4016 | D        | Noticed an azure jelly
  4017 | D        | Noticed a dire elephant
  4017 | D        | Noticed a dire elephant
  4017 | D        | Noticed Gastronok
  4024 | D        | Killed a dire elephant
  4024 | D        | Reached skill level 1 in Evocations
  4031 | D        | Killed Gastronok
  4031 | D        | Received a gift from Trog
  4035 | D        | Killed a dire elephant
  4329 | D        | Noticed an orc high priest
  4332 | D        | Received a gift from Trog
  4334 | D        | Found Xutzaix's Magic Scroll Emporium.
  4340 | D        | Killed an orc high priest
  4341 | D        | Received a gift from Trog
  4343 | D        | Received a gift from Trog
  4344 | D        | Received a gift from Trog
  4468 | D        | Bought a scroll of identify for 28 gold pieces
  4468 | D        | Bought a scroll of blinking for 105 gold pieces
  4468 | D        | Bought a scroll of blinking for 105 gold pieces
  4468 | D        | Bought a scroll of blinking for 105 gold pieces
  4469 | D        | Bought a scroll of magic mapping for 49 gold pieces
  4602 | D        | Bought a potion of invisibility for 96 gold pieces
  4602 | D        | Bought a potion of curing for 36 gold pieces
  4602 | D        | Bought a potion of haste for 120 gold pieces
  4602 | D        | Bought a potion of agility for 48 gold pieces
  4602 | D        | Bought a potion of heal wounds for 60 gold pieces
  4602 | D        | Bought a potion of heal wounds for 60 gold pieces
  4602 | D        | Bought a potion of curing for 36 gold pieces
  4602 | D        | Bought a potion of heal wounds for 60 gold pieces
  4602 | D        | Bought a potion of curing for 36 gold pieces
  4602 | D        | Bought a potion of curing for 36 gold pieces
  4602 | D        | Bought a potion of haste for 120 gold pieces
  4602 | D        | Bought a potion of ambrosia for 96 gold pieces
  4758 | D        | Noticed a six-headed hydra
  4758 | D        | Noticed an eight-headed hydra
  4764 | D        | Killed a five-headed hydra
  4764 | D        | Reached XP level 13. HP: 111/137 MP: 14/16
  5076 | D        | Found a blossoming altar of Fedhas.
  5079 | D        | Received a gift from Trog
  5151 | D        | Reached skill level 5 in Evocations
  5433 | D        | Found Ucrasi's Book Emporium.
  5433 | D        | Found Pemijol's Antique Weapon Shop.
  5439 | D        | Found Eczij's Distillery.
  5441 | D        | Received a gift from Trog
  5725 | D        | Bought a potion of haste for 110 gold pieces
  5725 | D        | Bought a potion of might for 44 gold pieces
  5725 | D        | Bought a potion of might for 44 gold pieces
  5725 | D        | Bought a potion of lignification for 33 gold pieces
  5725 | D        | Bought a potion of heal wounds for 55 gold pieces
  5725 | D        | Bought a potion of haste for 110 gold pieces
  5725 | D        | Bought a potion of agility for 44 gold pieces
  5975 | D        | Got a decaying rune of Zot
  6584 | D        | Received a gift from Trog
  6600 | D        | Received a gift from Trog
  6601 | D        | Noticed a deep elf demonologist
  6602 | D        | Noticed a deep elf annihilator
  6606 | D        | Noticed a deep elf annihilator
  6745 | D        | Noticed a deep elf death mage
  6749 | D        | Killed a deep elf death mage
  6751 | D        | Noticed a deep elf blademaster
  6753 | D        | Noticed a deep elf demonologist
  6760 | D        | Killed a deep elf annihilator
  6766 | D        | Got a slimy jade amulet
  6770 | D        | Killed a deep elf demonologist
  6770 | D        | Received a gift from Trog
  6775 | D        | Killed a deep elf demonologist
  6776 | D        | Killed a deep elf blademaster
  6779 | D        | Killed a deep elf annihilator
  6788 | D        | Identified the amulet of Atiwagiw {Gourm rElec Str+3} (You took it off a deep elf annihilator in the Dungeon)
  6916 | D        | Got a bloodstained great sword {slice}
  6916 | D        | Got a spiked leather armour
  6925 | D        | Received a gift from Trog
  6935 | D        | Received a gift from Trog
  6948 | D        | Received a gift from Trog
  6948 | D        | Received a gift from Trog
  6950 | D        | Got a pitted steel amulet
  6957 | D        | Identified the amulet "Norewn" {+Rage rN+ MR+ Dex+2} (You found it in the Dungeon)
  6970 | D        | Got a scorched steel amulet
  6972 | D        | Identified the amulet "Irant" {Gourm +Fly MR+ Int-4} (You found it in the Dungeon)
  7028 | D        | Got a transparent hunting sling
  7071 | D        | Identified the +2 hunting sling of Breach {venom, rPois rN+ Str-2} (You found it in the Dungeon)
  7072 | D        | Identified the cursed +2 great sword of Strategic Superiority {slice, +Inv Dex-5 SInv} (You took it off a deep elf death mage in the Dungeon)
  7129 | D        | Noticed Dowan
  7129 | D        | Noticed Duvessa
  7138 | D        | Killed Duvessa
  7143 | D        | Killed Dowan
  7336 | D        | Received a gift from Trog
  7352 | D        | Found Dana's Antique Weapon Emporium.
  7352 | D        | Found Lazesi's Book Shop.
  7352 | D        | Found Vath's Assorted Antiques.
  7352 | D        | Found Peurem's Assorted Antiques.
  7352 | D        | Found Daam's Assorted Antiques.
  7352 | D        | Found Sioc's Jewellery Shop.
  7352 | D        | Found Dudetzy's Food Emporium.
  7352 | D        | Found Ifoasyan's Food Boutique.
  7353 | D        | Found Zeax's Antique Armour Boutique.
  7353 | D        | Found Zada's Magic Scroll Shoppe.
  7353 | D        | Found Alodwuez's Gadget Shop.
  7353 | D        | Found Saapu Ciso's Distillery.
  7368 | D        | Bought a potion of curing for 33 gold pieces
  7368 | D        | Bought a potion of curing for 33 gold pieces
  7368 | D        | Bought a potion of agility for 44 gold pieces
  7368 | D        | Bought a potion of haste for 110 gold pieces
  7368 | D        | Bought a potion of curing for 33 gold pieces
  7368 | D        | Bought a potion of curing for 33 gold pieces
  7368 | D        | Bought a potion of haste for 110 gold pieces
  7368 | D        | Bought a potion of curing for 33 gold pieces
  7368 | D        | Bought a potion of heal wounds for 55 gold pieces
  7368 | D        | Bought a potion of might for 44 gold pieces
  7370 | D        | Bought a scroll of fear for 45 gold pieces
  7370 | D        | Bought a scroll of fear for 45 gold pieces
  7391 | D        | Bought an uncursed ring of protection from cold for 350 gold pieces
  7391 | D        | Bought an uncursed ring of ice for 350 gold pieces
  7512 | D        | Received a gift from Trog
  7516 | D        | Got a fine scimitar
  7949 | D        | Received a gift from Trog
  7953 | D        | Received a gift from Trog
  8328 | D        | Reached XP level 14. HP: 136/146 MP: 6/20
  8343 | D        | Received a gift from Trog
  8538 | D        | Received a gift from Trog
  8866 | D        | Noticed an azure jelly
  8870 | D        | an azure jelly changed into a death yak
  8987 | D        | Noticed a vampire knight
  8996 | D        | Killed a vampire knight
  8996 | D        | Received a gift from Trog
  9117 | D        | Received a gift from Trog
  9271 | D        | Noticed a bone dragon
  9278 | D        | Killed a bone dragon
  9278 | D        | Reached skill level 10 in Evocations
  9384 | D        | Noticed a vampire knight
  9395 | D        | Killed a vampire knight
  9395 | D        | Received a gift from Trog
  9696 | D        | Noticed a bone dragon
  9704 | D        | Killed a bone dragon
  9704 | D        | Received a gift from Trog
  9704 | D        | Reached skill level 15 in Throwing
 10216 | D        | Noticed a bone dragon
 10228 | D        | Killed a bone dragon
 10228 | D        | Received a gift from Trog
 10531 | D        | Noticed a vampire knight
 10535 | D        | Killed a vampire knight
 10603 | D        | Noticed a vampire knight
 10606 | D        | Killed a vampire knight
 10606 | D        | Received a gift from Trog
 10779 | D        | Noticed Chuck
 10859 | D        | Killed Nessos
 10999 | D        | Found the +27 Lear's hauberk
 11013 | D        | Killed Chuck
 11344 | D        | Noticed Frederick
 11354 | D        | Killed Frederick
 11354 | D        | Received a gift from Trog
 11434 | D        | Noticed a lich
 11440 | D        | Killed a lich
 11442 | D        | Reached XP level 15. HP: 158/158 MP: 23/23
 11445 | D        | Received a gift from Trog
 11486 | D        | Noticed a shadow dragon
 11486 | D        | Noticed a shadow dragon
 11496 | D        | Killed a shadow dragon
 11497 | D        | Killed a shadow dragon
 11811 | D        | Received a gift from Trog
 11816 | D        | Lost intelligence.
 11999 | D        | Noticed a titan
 12019 | D        | Killed a titan
 12027 | D        | Received a gift from Trog
 12091 | D        | Received a gift from Trog
 12109 | D        | Noticed a quicksilver dragon
 12109 | D        | Noticed a fire giant
 12115 | D        | HP: 4/165 [quicksilver dragon (14)]
 12152 | D        | Received a gift from Trog
 12367 | D        | Received a gift from Trog
 12369 | D        | Got a sparkling pewter ring
 12386 | D        | Killed a fire giant
 12386 | D        | Received a gift from Trog
 12439 | D        | Identified the ring of Doors {rPois rC+ MP+9 AC+4 Int-2} (You took it off a vault guard in the Dungeon)
 12652 | D        | Noticed a titan
 12655 | D        | Killed a titan
 12655 | D        | Received a gift from Trog
 12667 | D        | Received a gift from Trog
 12715 | D        | Killed a quicksilver dragon
 12736 | D        | Noticed a quicksilver dragon
 12741 | D        | Killed a quicksilver dragon
 13014 | D        | Received a gift from Trog
 13029 | D        | Noticed a golden dragon
 13095 | D        | Received a gift from Trog
 13098 | D        | Killed a golden dragon
 13227 | D        | Noticed a titan
 13230 | D        | Noticed a golden dragon
 13235 | D        | Killed a titan
 13238 | D        | Killed a golden dragon
 13264 | D        | Received a gift from Trog
 13267 | D        | Found the +0 sword of Power
 13271 | D        | Received a gift from Trog
 13318 | D        | Received a gift from Trog
 13385 | D        | Got a silver rune of Zot
 13544 | D        | Received a gift from Trog
 13839 | D        | Noticed a sphinx
 13839 | D        | Noticed a sphinx
 13850 | D        | Killed a sphinx
 13850 | D        | Received a gift from Trog
 13854 | D        | Killed a sphinx
 13854 | D        | Received a gift from Trog
 14174 | D        | Received a gift from Trog
 14189 | D        | Received a gift from Trog
 14541 | D        | Received a gift from Trog
 15023 | D        | Received a gift from Trog
 15023 | D        | Reached XP level 16. HP: 155/174 MP: 26/26
 15388 | D        | Noticed a greater mummy
 15388 | D        | Noticed a greater mummy
 15392 | D        | Received a gift from Trog
 15883 | D        | Killed a greater mummy
 15886 | D        | Killed a greater mummy
 15886 | D        | Reached skill level 15 in Evocations
 15892 | D        | Got a golden rune of Zot
 15899 | D        | Got a pair of twisted boots
 15900 | D        | Received a gift from Trog
 15905 | D        | Got a twitching granite ring
 15925 | D        | Identified the cursed +0 pair of boots of Hemunuk {MP+9} (You found it in the Dungeon)
 15931 | D        | Got a bound lapis lazuli ring
 15933 | D        | Identified the ring of Meisafitt {MR+ Dex+5} (You acquired it in the Dungeon)
 15939 | D        | Identified the ring "Jiyfel" {Str+3 Dex+9} (You found it in the Dungeon)
 16014 | D        | Got a twisted cloak
 16020 | D        | Identified the +1 cloak of the Original Sin {rPois Str+4} (You acquired it in the Dungeon)
 16021 | D        | Got an encrusted shield
 16028 | D        | Identified the +4 shield "Ejetsus" {-Cast Str+2 Int+4} (You acquired it in the Dungeon)
 16395 | D        | Noticed Azrael
 16398 | D        | Killed Azrael
 16398 | D        | Received a gift from Trog
 16431 | D        | Got a brightly glowing cloak
 16442 | D        | Identified the +2 cloak of Hiekkiroedd {*Corrode rPois rC+ Str+4} (You acquired it in the Dungeon)
 16484 | D        | Received a gift from Trog
 16667 | D        | Found Vaumy's Armour Emporium.
 16667 | D        | Found Maopues's Distillery.
 16667 | D        | Found Piny's Distillery.
 16667 | D        | Found Ruicheleva's Armour Shoppe.
 16670 | D        | Received a gift from Trog
 16671 | D        | Received a gift from Trog
 16673 | D        | Bought a potion of might for 48 gold pieces
 16673 | D        | Bought a potion of curing for 36 gold pieces
 16673 | D        | Bought a potion of heal wounds for 60 gold pieces
 16673 | D        | Bought a potion of curing for 36 gold pieces
 16673 | D        | Bought a potion of curing for 36 gold pieces
 16673 | D        | Bought a potion of heal wounds for 60 gold pieces
 16675 | D        | Bought a potion of haste for 120 gold pieces
 16685 | D        | Found Plog's Armour Boutique.
 16695 | D        | Received a gift from Trog
 16743 | D        | Received a gift from Trog
 16778 | D        | Noticed Nikola
 16778 | D        | Noticed a storm dragon
 16784 | D        | Killed a storm dragon
 16789 | D        | Killed Nikola
 17048 | D        | Received a gift from Trog
 17154 | D        | Noticed Mara
 17170 | D        | Killed Mara
 17253 | D        | Noticed an ancient champion
 17256 | D        | Killed an ancient champion
 17256 | D        | Received a gift from Trog
 17439 | D        | Noticed Boris
 17448 | D        | Killed Boris
 17448 | D        | Reached skill level 27 in Fighting
 17456 | D        | Received a gift from Trog
 17461 | D        | Got an encrusted battleaxe {god gift}
 17492 | D        | Identified the +10 battleaxe of War {chop, *Corrode rF+++ Str+9} (Trog gifted it to you in the Dungeon)
 17539 | D        | Noticed Roxanne
 17545 | D        | Killed Roxanne
 17546 | D        | Received a gift from Trog
 17681 | D        | Received a gift from Trog
 17681 | D        | Received a gift from Trog
 17695 | D        | Received a gift from Trog
 17707 | D        | Reached XP level 17. HP: 129/178 MP: 29/29
 17770 | D        | Noticed Geryon
 17786 | D        | Killed Geryon
 18220 | D        | Noticed an iron giant
 18224 | D        | Received a gift from Trog
 18230 | D        | Killed an iron giant
 18233 | D        | Received a gift from Trog
 18409 | D        | Received a gift from Trog
 18426 | D        | Noticed a Hell Sentinel
 18433 | D        | Killed a Hell Sentinel
 18437 | D        | Found the +2 shield of Resistance {rF+ rC+ MR+}
 18593 | D        | Noticed a Hell Sentinel
 18593 | D        | Noticed a Hell Sentinel
 18593 | D        | Noticed Dispater
 18598 | D        | Killed a Hell Sentinel
 18598 | D        | Reached skill level 27 in Axes
 18603 | D        | Killed a Hell Sentinel
 18611 | D        | Killed Dispater
 18622 | D        | Got an iron rune of Zot
 18771 | D        | Noticed Gloorx Vloq
 18785 | D        | Received a gift from Trog
 18805 | D        | HP: 10/286 [Executioner[Gloorx Vloq] (6)]
 18808 | D        | HP: 4/285 [Gloorx Vloq] (3)]
 18809 | D        | Engulfed by Gloorx Vloq's foul pestilence

Vault maps used:
D:        dungeon_sprint_mu

Skill      XL: |  1  2  3  4  5  6  7  8  9 10 11 12 13 14 15 16 17 |
---------------+----------------------------------------------------+-----
Fighting       | 4 5 6 9 10 12 13 15 17 19 21 23 25 27 | 27.0
Axes           | 4 5 6 8 10 11 12 14 16 17 19 21 23 25 27 | 27.0
Throwing       | 1 2 3 5 6 7 8 9 11 12 13 16 17 19 20 | 20.4
Dodging        | 3 4 5 8 9 10 11 13 15 16 18 20 22 24 25 | 25.9
Evocations     | 4 8 11 14 17 19 | 19.3

Action                   |  1- 3 |  4- 6 |  7- 9 | 10-12 | 13-15 | 16-18 || total
-------------------------+-------+-------+-------+-------+-------+-------++-------
Melee: Hand axe          |    26 |     9 |    65 |       |       |       ||   100
       Tailslap          |     2 |       |     8 |    33 |    98 |    54 ||   195
       Headbutt          |       |     2 |    14 |    36 |   120 |    84 ||   256
       Battleaxe         |       |       |       |   126 |    87 |    96 ||   309
       War axe           |       |       |       |    31 |    51 |    22 ||   104
       Broad axe         |       |       |       |     6 |       |       ||     6
       Bite              |       |       |       |     3 |    72 |    46 ||   121
       Executioner's axe |       |       |       |       |   288 |   100 ||   388
 Fire: Blowgun           |       |       |       |       |     4 |       ||     4
Throw: Javelin           |       |       |       |    17 |    23 |    42 ||    82
       Tomahawk          |       |       |       |       |     7 |       ||     7
Invok: Berserk           |     2 |     2 |     5 |    14 |    23 |    11 ||    57
       Burn Spellbooks   |       |     1 |       |       |     6 |     3 ||    10
       Brothers in Arms  |       |       |     2 |     5 |    15 |     9 ||    31
 Abil: Breathe Steam     |       |       |     9 |    18 |    13 |     4 ||    44
       Evoke Flight      |       |       |       |       |     4 |     4 ||     8
       Blink             |       |       |       |       |     2 |       ||     2
       Stop Flying       |       |       |       |       |       |     1 ||     1
  Use: Potion            |     4 |       |       |       |     5 |     3 ||    12
       Scroll            |       |       |     2 |     2 |     7 |    14 ||    25
 Stab: Distracted        |       |       |       |     1 |     3 |     2 ||     6
       Sleeping          |       |       |       |       |     2 |     1 ||     3
  Eat: Royal jelly       |       |     1 |     1 |     7 |     9 |     4 ||    22
       Chunk             |       |       |     7 |    19 |    49 |    10 ||    85
       Fruit             |       |       |       |       |    11 |     3 ||    14
Armor: Skin              |     2 |     1 |    12 |    21 |    53 |    30 ||   119
Dodge: Dodged            |    10 |     5 |    39 |   150 |   338 |   230 ||   772

Table legend:
 A = Spawn XP
 B = Non-spawn XP
 C = Spawn XP percentage of total XP
 D = Spawn monster count
 E = Non-spawn monster count
 F = Spawn count percentage of total count
 G = Total turns spent on level
                    A         B        C        D         E        F      G
               +---------+---------+-------+---------+---------+-------+---------
         Total |       0 |  255538 |   0.0 |       0 |     349 |   0.0 | 18809
               +---------+---------+-------+---------+---------+-------+---------
             D |       0 |  255538 |   0.0 |       0 |     349 |   0.0 | 18809
               +---------+---------+-------+---------+---------+-------+---------
